 Dungeon Crawl Stone Soup version 0.30-a0-956-gcec3b41aec (webtiles) character file.

Game seed: 2418230791471223025

1981 vishdafish the Destroyer (level 9, 52/57 HPs)
             Began as a Demonspawn Conjurer on Mar 30, 2023.
             Was an Initiate of Vehumet.
             Quit the game on level 6 of the Dungeon.
             The game lasted 00:11:59 (5062 turns).

vishdafish the Destroyer (Demonspawn Conjurer)      Turns: 5062, Time: 00:12:00

Health: 52/57      AC:  8    Str:  8    XL:     9   Next: 1%
Magic:  16/20      EV: 12    Int: 30    God:    Vehumet [......]
Gold:   180        SH:  0    Dex: 11    Spells: 14/23 levels left

rFire   + . .      SeeInvis .    m - +7 hammer of Jegg {flame, rElec Will+}
rCold   . . .      Faith    .    (no shield)
rNeg    . . .      Spirit   .    y - +0 robe {rF+}
rPois   .          Reflect  .    d - +0 helmet
rElec   +          Rampage  .    r - +0 cloak
rCorr   .                        (no gloves)
Will    +....                    i - +1 pair of boots {Stlth+}
Stlth   +++                      (no amulet)
HPRegen 0.29/turn                g - +6 ring of intelligence
MPRegen 0.34/turn                (no ring)

@: no status effects
A: hooves 1, yellow scales 1, demonic guardian 1, magic regeneration
a: Renounce Religion


You were on level 6 of the Dungeon.
You worshipped Vehumet.
Vehumet was noncommittal.
You visited 2 branches of the dungeon, and saw 7 of its levels.

You collected 245 gold pieces.
You spent 65 gold pieces at shops.

Inventory:

Hand Weapons
 f - a +0 short sword
 l - a +0 short sword of electrocution
 m - the +7 hammer of Jegg (weapon) {flame, rElec Will+}
   (You found it on level 5 of the Dungeon)

   rElec:     It insulates you from electricity.
   Will:      It increases your willpower.
Armour
 a - a +0 robe
 d - a +0 helmet (worn)
 i - a +1 pair of boots of stealth (worn)
 r - a +0 cloak (worn)
 y - a +0 robe of fire resistance (worn)
Jewellery
 e - an amulet of guardian spirit
 g - a +6 ring of intelligence (left hand)
Wands
 x - a wand of digging (3)
Scrolls
 c - a scroll of amnesia
 o - 2 scrolls of vulnerability
 p - a scroll of teleportation
 q - a scroll of fear
 v - a scroll of enchant armour
 w - a scroll of silence {unknown}
Potions
 b - 3 potions of magic
 h - a potion of flight
 j - a potion of attraction
 k - a potion of brilliance {unknown}
 n - a potion of heal wounds
 s - a potion of mutation {unknown}
 t - a potion of lignification {unknown}
 u - 2 potions of curing {unknown}
 z - a potion of berserk rage {unknown}
 A - a potion of haste


   Skills:
 - Level 1.7 Dodging
 - Level 1.7 Stealth
 + Level 7.9 Spellcasting
 + Level 9.3 Conjurations


You had 14 spell levels left.
You knew the following spells:

 Your Spells              Type           Power      Damage    Failure   Level
a - Magic Dart            Conj           100%       1d8       1%          1
b - Fulminant Prism       Conj/Hex       19%        3d11      6%          4
c - Iskenderun's Mystic   Conj/Tloc      39%        2d9       6%          4

Your spell library contained the following spells:

 Spells                   Type           Power      Damage    Failure   Level
 Searing Ray              Conj           100%       2d8       1%          2
 Dazzling Flash           Conj/Hex       78%        N/A       1%          3
 Passage of Golubria      Tloc           11%        N/A       41%         4
 Silence                  Hex/Air        5%         N/A       77%         5
 Lehudib's Crystal Spear  Conj/Erth      19%        10d6      100%        8


Dungeon Overview and Level Annotations

Branches:
Dungeon (6/15)             Temple (1/1) D:6

Altars:
Ashenzari
Fedhas
Kikubaaqudgha
Nemelex Xobeh
Okawaru
Trog
Vehumet
Xom

Shops:
D:3 !   D:5 [


Innate Abilities, Weirdness & Mutations

You have large cloven feet.
You are partially covered in yellow scales. (AC +2)
A weak demonic guardian rushes to your aid.
You regenerate magic rapidly.


Message History

You can't see any susceptible monsters within range! (Use Z to cast anyway.)
You can't see any susceptible monsters within range! (Use Z to cast anyway.)
You can't see any susceptible monsters within range! (Use Z to cast anyway.)
Found a radiant altar of Vehumet.
Found a glowing silver altar of Zin and an iron altar of Okawaru.
Found a shimmering altar of Xom.
There is a radiant altar of Vehumet here.
You kneel at the altar of Vehumet.
Vehumet welcomes you!
There is a staircase back to the Dungeon here.
You climb upwards.
Welcome back to the Dungeon!
There is a staircase to the Ecumenical Temple here.
You can't see any susceptible monsters within range! (Use Z to cast anyway.)
You can't see any susceptible monsters within range! (Use Z to cast anyway.)
A bullfrog is nearby!
A bullfrog is nearby!
A bullfrog is nearby!
A bullfrog is nearby!
The magic dart hits the bullfrog.
The bullfrog is lightly wounded.
The magic dart hits the bullfrog!
The bullfrog is heavily wounded.
The bullfrog hits you.
The magic dart hits the bullfrog.
The bullfrog is severely wounded.
The bullfrog hits you but does no damage.
The magic dart hits the bullfrog.
The bullfrog is severely wounded.
The bullfrog hits you but does no damage.
The bullfrog closely misses you.
You thump the bullfrog! You burn the bullfrog.
You kill the bullfrog!
Vehumet accepts your kill.
You have reached level 9!
Your experience leads to an increase in your attributes!
Your base attributes are Str 8, Int 22, Dex 11.
Increase (S)trength, (I)ntelligence, or (D)exterity?
You feel clever. x2; Your demonic ancestry asserts itself...
You feel the presence of a demonic guardian.
Are you sure you want to abandon this character and quit the game? (Confirm with "yes".)

##......# .......## .
#..#...#
..#.........##.....#
#.#..........>.....###
#........ #..........#
........## #...#...#..#
......... #..##†..##..##
........ #.. #.@...##..#
#.....# ..##..#.#..##.#
#....)# .....##.##....#
##..).###....##...##...#
.#..)†<#.........>......#
....).)[......##...##...#
#..##........(.##.##....#
....#.##....##..#.#..##.#
.......)..#..##.....# .#


There were no monsters in sight!

Vanquished Creatures
  Pikel (D:5)
  Sigmund (D:6)
  A water moccasin (D:6)
  2 ice beasts
  A black bear (D:5)
  3 ogres
  3 lemures (D:5)
  2 scorpions (D:5)
  2 bullfrogs
  3 orc priests
  2 sleepcaps
  Crazy Yiuf (D:5)
  4 iguanas
  2 orc wizards
  Robin (D:2)
  5 adders
  A white imp (D:6)
  3 worms
  2 dart slugs
  11 orcs
  4 endoplasms
  A giant cockroach (D:1)
  16 goblins
  10 hobgoblins
  12 jackals (D:2)
  A quokka (D:2)
  4 ball pythons
  8 bats
  A frilled lizard (D:2)
  9 kobolds
  5 rats
122 creatures vanquished.

Vanquished Creatures (others)
  10 fulminant prisms
10 creatures vanquished.

Grand Total: 132 creatures vanquished

Notes
Turn   | Place    | Note
-------+----------+-------------------------------------------
     0 | D:1      | vishdafish the Demonspawn Conjurer began the quest for the
                  | Orb.
     0 | D:1      | Reached XP level 1. HP: 13/13 MP: 3/3
   324 | D:1      | Gained mutation: You regenerate magic rapidly. [demonic
                  | ancestry]
   324 | D:1      | Reached XP level 2. HP: 19/19 MP: 1/5
  1072 | D:2      | Noticed Robin
  1130 | D:2      | Reached XP level 3. HP: 24/24 MP: 2/7
  1197 | D:2      | Killed Robin
  1456 | D:2      | Reached XP level 4. HP: 4/30 MP: 3/8
  1516 | D:2      | Reached skill level 5 in Conjurations
  1593 | D:2      | Learned a level 4 spell: Fulminant Prism
  1598 | D:2      | Learned a level 4 spell: Iskenderun's Mystic Blast
  1938 | D:2      | Reached XP level 5. HP: 35/35 MP: 3/10
  2316 | D:3      | Found Mesaocy's Distillery.
  2325 | D:3      | Bought a potion of heal wounds for 65 gold pieces
  2588 | D:3      | Found a bloodstained altar of Trog.
  2599 | D:3      | Found a sparkling altar of Nemelex Xobeh.
  2761 | D:4      | Gained mutation: You are partially covered in yellow
                  | scales. (AC +2) [demonic ancestry]
  2761 | D:4      | Reached XP level 6. HP: 35/41 MP: 5/12
  2896 | D:4      | Noticed an ice beast
  2907 | D:4      | Killed an ice beast
  2908 | D:4      | Reached skill level 6 in Conjurations
  3068 | D:4      | Reached skill level 5 in Spellcasting
  3712 | D:5      | Entered Level 5 of the Dungeon
  3781 | D:5      | Reached XP level 7. HP: 32/46 MP: 10/14
  4119 | D:5      | Reached skill level 7 in Conjurations
  4172 | D:5      | Found a runed translucent door.
  4173 | D:5      | Noticed Crazy Yiuf
  4184 | D:5      | Killed Crazy Yiuf
  4187 | D:5      | Identified the +7 hammer of Jegg {flame, rElec Will+}
  4275 | D:5      | Found Reol's Antique Armour Shoppe.
  4541 | D:5      | Gained mutation: You have large cloven feet. [demonic
                  | ancestry]
  4541 | D:5      | Reached XP level 8. HP: 52/52 MP: 14/17
  4545 | D:5      | Noticed Pikel
  4561 | D:5      | Killed Pikel
  4562 | D:5      | Reached skill level 8 in Conjurations
  4700 | D:6      | Found an ancient bone altar of Kikubaaqudgha.
  4753 | D:6      | Noticed Sigmund
  4833 | D:6      | Found a blossoming altar of Fedhas.
  4833 | D:6      | Found a broken altar of Ashenzari.
  4836 | D:6      | Killed Sigmund
  4845 | D:6      | Reached skill level 9 in Conjurations
  5006 | D:6      | Found a staircase to the Ecumenical Temple.
  5033 | Temple   | Entered the Ecumenical Temple
  5042 | Temple   | Became a worshipper of Vehumet
  5062 | D:6      | Gained mutation: A weak demonic guardian rushes to your
                  | aid. [demonic ancestry]
  5062 | D:6      | Reached XP level 9. HP: 52/57 MP: 16/20
  5062 | D:6      | Quit the game

Illustrated notes

Levels and vault maps discovered:
D:1:      dpeg_arrival_tiny_c, layout_loops_ring, amcnicky_mini_corridor_feature
D:2:      layout_basic, basic_altar, kennysheep_generic_room_15, uniq_robin
D:3:      layout_rooms, minitemple, serial_shops, shop_fountains
D:4:      layout_basic
D:5:      layout_gridville, serial_shops, nicolae_take_the_stairs, uniq_pikel,
          uniq_crazy_yiuf_cottage
D:6:      layout_cave_pools, chequers_temple_overflow_statue_of_worship,
          minmay_temple_entry_waves, hangedman_decor_diamond_cutter,
          uniq_sigmund
Temple:   nicolae_temple_superstar

Skill      XL: |  1  2  3  4  5  6  7  8 |
---------------+-------------------------+-----
Spellcasting   | 3 4 5 6 7 |  7.9
Conjurations   | 5 6 7 9 |  9.3
Dodging        | |  1.7
Stealth        | |  1.7

Action                     |  1- 3 |  4- 6 |  7- 9 || total
---------------------------+-------+-------+-------++-------
  Melee: Short sword       |    29 |     9 |     2 ||    40
         Mace              |       |       |    14 ||    14
   Cast: Magic Dart        |    70 |   135 |    55 ||   260
         Iskenderun's Myst |       |     2 |    16 ||    18
         Fulminant Prism   |       |     1 |     9 ||    10
    Use: Scroll            |     7 |       |     3 ||    10
         Potion            |     1 |     1 |       ||     2
 Armour: Robe              |     5 |    13 |    10 ||    28
  Dodge: Dodged            |    32 |    24 |    27 ||    83

Table legend: (Time is in decaauts)
 A = Elapsed time spent in this place.
 B = Non-inter-level travel time spent in this place.
 C = Inter-level travel time spent in this place.
 D = Time resting spent in this place.
 E = Time spent auto-exploring this place.
 F = Levels seen in this place.
 G = Mean time per level.
                   A        B        C        D        E       F      G
               +--------+--------+--------+--------+--------+-----+--------+
         Total |   5039 |   4822 |    217 |      0 |   4056 |   7 |  719.9 |
       Dungeon |   5020 |   4803 |    217 |      0 |   4052 |   6 |  836.7 |
        Temple |     18 |     18 |      0 |      0 |      4 |   1 |   18.0 |
               +--------+--------+--------+--------+--------+-----+--------+

Top non-repeatable levels by time:
     D:2: 1294 daAuts
     D:5: 1122 daAuts
     D:4: 1034 daAuts
     D:1: 857 daAuts
     D:3: 495 daAuts
     D:6: 215 daAuts
  Temple: 18 daAuts
